 Dungeon Sprint DCSS version 0.29-a0-643-ga013cefcf8 (webtiles) character file.

Game seed: 16340869180563601529

4700000 greenreed the Axe Maniac (level 24, -18/208 HPs)
             Began as a Djinni Necromancer on June 19, 2022.
             Was the Champion of Makhleb.
             Demolished by a sculptor of flesh
             ... wielding a +9 great sword
              (226 damage)
             ... in the Dungeon (Sprint VIII: "Arena of Blood").
             The game lasted 00:03:14 (47 turns).

greenreed the Axe Maniac (Djinni Necromancer)         Turns: 47, Time: 00:03:15

Health: -18/208    AC:  3    Str: 15    XL:     24   Next: 24%
Gold:   0          EV: 29    Int: 18    God:    Makhleb [******] SH:  0 Dex: 17

rFire   + + .      SeeInvis .   g - +∞ Axe of Woe
rCold   x . .      Faith    .   (shield currently unavailable)
rNeg    . . .      Spirit   .   a - +0 robe
rPois   ∞          Reflect  .   (no helmet)
rElec   .          Harm     .   (no cloak)
rCorr   .          Rampage  .   (no gloves)
Will    ++...      NoTele   +   (boots unavailable)
Stlth   ++++++++++              (no amulet)
HPRegen 0.44/turn               (no ring)
MPRegen 0.00/turn               (no ring)

@: flying
A: sickness immunity, fire resistance 2, cold vulnerability 1, float, innate
caster, HP casting, extra vitality 1
a: Renounce Religion, Minor Destruction, Lesser Servant of Makhleb, Major
Destruction, Greater Servant of Makhleb


You were in the Dungeon.
You worshipped Makhleb.
Makhleb was exalted by your worship.
You visited 1 branch

Inventory:

Hand Weapons
 g - the +∞ Axe of Woe (weapon)
   (You found it in the Dungeon)
Armour
 a - a +0 robe (worn)
Scrolls
 f - a scroll of blinking
Potions
 b - a potion of curing
 c - a potion of heal wounds
 d - a potion of haste
 e - a potion of berserk rage


   Skills:
 O Level 27 Fighting
 + Level 16.7(19.5) Short Blades
 + Level 16.7(19.5) Long Blades
 O Level 27 Axes
 + Level 14.5(23.8) Maces & Flails
 + Level 14.5(23.8) Polearms
 + Level 15.7(20.6) Staves
 + Level 14.5(17.0) Slings
 + Level 14.5 Bows
 + Level 14.5 Crossbows
 + Level 14.5(17.0) Throwing
 + Level 17.1 Armour
 O Level 27 Dodging
 O Level 27 Stealth
 + Level 17.1 Shields
 + Level 17.1 Unarmed Combat
 O Level 27 Spellcasting
 + Level 17.1 Invocations
 + Level 17.1 Evocations


You had 10 spell levels left.
You knew the following spells:

 Your Spells              Type           Power      Damage    Failure   Level
a - Necrotize             Necr           100%       1d9       0%          1
b - Vampiric Draining     Necr           88%        2d12      0%          3
c - Animate Dead          Necr           88%        N/A       0%          4
d - Agony                 Necr           88%        N/A       0%          5
e - Beastly Appendage     Tmut           100%       N/A       0%          1
f - Wereblood             Tmut           88%        N/A       0%          2
g - Scorch                Fire           100%       2d10      0%          2
h - Sticky Flame          Conj/Fire      88%        2d10      0%          4
i - Iskenderun's Battles  Conj           88%        2d14      0%          5
j - Manifold Assault      Tloc           88%        N/A       0%          5
k - Death Channel         Necr           44%        N/A       0%          6
l - Monstrous Menagerie   Summ           44%        N/A       1%          7
m - Dragon Form           Tmut           44%        N/A       1%          7
n - Ozocubu's Refrigerat  Ice            44%        4d13      1%          7
o - Necromutation         Tmut/Necr      44%        N/A       1%          8
Your spell library was empty.

Dungeon Overview and Level Annotations

Branches:
Dungeon (1/1)

Altars:
Makhleb


Innate Abilities, Weirdness & Mutations

You are immune to sickness and miasma.
You are immune to poison.
Your flesh is very heat resistant. (rF++)
You are vulnerable to cold. (rC-)
You float through the air rather than walking.
You learn spells naturally, not from books.
Your magical power is your life essence.
You have superior vitality. (+4 MHP)


Message History

Your base Slings skill increases to level 14!
Your Bows skill increases to level 14!
Your Crossbows skill increases to level 14!
Your base Throwing skill increases to level 14!
You have reached level 24!
You feel agile.
You hear a shout!
The meat berserker is engulfed in blazing flames.
You hear a shout! x5
The bag of meat is engulfed in blazing flames.
You hear a shout! x2
The destroyer gestures at you while chanting.
The destroyer blinks!
You hear a shout!
You slash the bag of meat!
You butcher the bag of meat messily.
You kill the bag of meat!
Makhleb accepts your kill.
You feel better.
You slash the meat berserker!
You cleave the meat berserker in twain.
You kill the meat berserker!
Makhleb accepts your kill.
You feel better.
You hear a shout!
The sculptor of flesh is engulfed in blazing flames.
You hear a shout! x2
The bag of meat is engulfed in blazing flames.
The destroyer gestures at you while chanting.
The destroyer blinks!
You hear a shout! x2
The bag of meat is engulfed in blazing flames.
Your Armour skill increases to level 17!
Your Shields skill increases to level 17!
Your Unarmed Combat skill increases to level 17!
Your Invocations skill increases to level 17!
Your Evocations skill increases to level 17!
Unknown command.
You hear a shout!
The sculptor of flesh hits you with a +9 great sword!!!!!
Ouch! That really hurt!
You die...

################
#.......@.......
........)z...... .
.....##§##.#####..
.....§)oz§........
##...§§##o##......
....§..○☼oo).o....
......V.§#z#z.....
........o).)§o...#
...§....))).......


You could see a destroyer, a sculptor of flesh and 2 bags of meat.

Vanquished Creatures
  2 vampire knights (D)
  14 ogres (D)
  6 two-headed ogres (D)
  A hydra (D)
  35 orcs (D)
  A skeletal warrior (D)
59 creatures vanquished.

Notes
Turn   | Place    | Note
-------+----------+-------------------------------------------
     0 | D        | Found the +∞ Axe of Woe
     0 | D        | greenreed the Djinni Necromancer began the quest for the
                  | Orb.
     0 | D        | greenreed set off with the following spells memorised:
                  | Necrotize, Vampiric Draining, Animate Dead, Agony.
     0 | D        | Reached XP level 1. HP: 15/15 MP: 0/0
     2 | D        | Noticed a bag of meat
     4 | D        | Became a worshipper of Makhleb the Destroyer
     5 | D        | Noticed a bag of meat
     5 | D        | Noticed a meat berserker
     6 | D        | Noticed a bag of meat
     6 | D        | Noticed a bag of meat
     6 | D        | Noticed a bag of meat
     6 | D        | Noticed a bag of meat
     8 | D        | Noticed a meat berserker
     9 | D        | Killed a bag of meat
     9 | D        | Noticed a bag of meat
    10 | D        | Reached XP level 2. HP: 21/21 MP: 0/0
    10 | D        | Reached XP level 3. HP: 25/25 MP: 0/0
    10 | D        | Learned a level 1 spell: Beastly Appendage
    10 | D        | Reached XP level 4. HP: 31/31 MP: 0/0
    10 | D        | Reached XP level 5. HP: 35/35 MP: 0/0
    10 | D        | Learned a level 2 spell: Wereblood
    10 | D        | Reached XP level 6. HP: 40/40 MP: 0/0
    10 | D        | Reached XP level 7. HP: 45/45 MP: 0/0
    10 | D        | Learned a level 2 spell: Scorch
    10 | D        | Reached XP level 8. HP: 50/50 MP: 0/0
    10 | D        | Reached XP level 9. HP: 55/55 MP: 0/0
    10 | D        | Learned a level 4 spell: Sticky Flame
    10 | D        | Reached XP level 10. HP: 60/60 MP: 0/0
    10 | D        | Reached XP level 11. HP: 65/65 MP: 0/0
    10 | D        | Learned a level 5 spell: Iskenderun's Battlesphere
    10 | D        | Killed a meat berserker
    10 | D        | Reached * piety under Makhleb
    10 | D        | Killed a bag of meat
    11 | D        | Reached XP level 12. HP: 55/79 MP: 0/0
    11 | D        | Reached XP level 13. HP: 59/85 MP: 0/0
    11 | D        | Learned a level 5 spell: Manifold Assault
    11 | D        | Killed a meat berserker
    11 | D        | Killed a bag of meat
    11 | D        | Reached ** piety under Makhleb
    12 | D        | Reached XP level 14. HP: 67/96 MP: 0/0
    12 | D        | Killed a bag of meat
    13 | D        | Reached skill level 27 in Axes
    13 | D        | Reached XP level 15. HP: 104/104 MP: 0/0
    13 | D        | Learned a level 6 spell: Death Channel
    14 | D        | Noticed a meat berserker
    14 | D        | Reached *** piety under Makhleb
    15 | D        | Reached skill level 15 in Fighting
    15 | D        | Reached skill level 15 in Stealth
    16 | D        | Noticed a meat berserker
    17 | D        | Noticed a meat berserker
    17 | D        | Killed a meat berserker
    18 | D        | Reached XP level 16. HP: 136/136 MP: 0/0
    18 | D        | Noticed a large bag of meat
    19 | D        | Noticed a large bag of meat
    19 | D        | Noticed a meat berserker
    20 | D        | Noticed a large bag of meat
    20 | D        | Noticed a large bag of meat
    20 | D        | Noticed a large bag of meat
    20 | D        | Noticed a meat berserker
    22 | D        | Killed a meat berserker
    22 | D        | Reached **** piety under Makhleb
    22 | D        | Noticed a destroyer
    22 | D        | Noticed a meat berserker
    23 | D        | Reached XP level 17. HP: 157/157 MP: 0/0
    23 | D        | Learned a level 7 spell: Monstrous Menagerie
    23 | D        | Noticed a meat berserker
    25 | D        | Reached skill level 27 in Fighting
    25 | D        | Killed a meat berserker
    25 | D        | Reached ***** piety under Makhleb
    25 | D        | Killed a large bag of meat
    26 | D        | Reached XP level 18. HP: 154/167 MP: 0/0
    26 | D        | Killed a meat berserker
    26 | D        | Killed a meat berserker
    26 | D        | Killed a large bag of meat
    26 | D        | Noticed a meat berserker
    27 | D        | Reached skill level 27 in Dodging
    27 | D        | Reached skill level 27 in Stealth
    27 | D        | Reached XP level 19. HP: 163/174 MP: 0/0
    27 | D        | Learned a level 7 spell: Dragon Form
    28 | D        | Noticed a large bag of meat
    29 | D        | Killed a meat berserker
    29 | D        | Reached ****** piety under Makhleb
    30 | D        | Reached XP level 20. HP: 181/181 MP: 0/0
    30 | D        | Noticed an eight-headed meat hydra
    31 | D        | Killed a destroyer
    32 | D        | Reached skill level 27 in Spellcasting
    33 | D        | Reached skill level 5 in Short Blades
    33 | D        | Reached skill level 5 in Long Blades
    33 | D        | Reached skill level 5 in Staves
    33 | D        | Reached skill level 5 in Armour
    33 | D        | Reached skill level 5 in Shields
    33 | D        | Reached skill level 5 in Unarmed Combat
    33 | D        | Reached skill level 5 in Invocations
    33 | D        | Reached skill level 5 in Evocations
    33 | D        | Killed a meat berserker
    33 | D        | Killed a meat berserker
    33 | D        | Noticed a meat berserker
    34 | D        | Reached XP level 21. HP: 187/187 MP: 0/0
    34 | D        | Learned a level 7 spell: Ozocubu's Refrigeration
    34 | D        | Killed a large bag of meat
    34 | D        | Noticed a meat berserker
    34 | D        | Noticed a destroyer
    35 | D        | Killed a nine-headed meat hydra
    35 | D        | Killed a large bag of meat
    35 | D        | Noticed a meat berserker
    35 | D        | Noticed a meat berserker
    36 | D        | Reached skill level 10 in Short Blades
    36 | D        | Reached skill level 10 in Long Blades
    36 | D        | Reached skill level 10 in Armour
    36 | D        | Reached skill level 10 in Shields
    36 | D        | Reached skill level 10 in Unarmed Combat
    36 | D        | Reached skill level 10 in Invocations
    36 | D        | Reached skill level 10 in Evocations
    38 | D        | Reached skill level 10 in Staves
    38 | D        | Reached XP level 22. HP: 194/194 MP: 0/0
    39 | D        | Reached skill level 10 in Maces & Flails
    39 | D        | Reached skill level 10 in Polearms
    39 | D        | Reached skill level 10 in Slings
    39 | D        | Reached skill level 10 in Bows
    39 | D        | Reached skill level 10 in Crossbows
    39 | D        | Reached skill level 10 in Throwing
    39 | D        | Killed a destroyer
    40 | D        | Killed a large bag of meat
    40 | D        | Noticed an eight-headed meat hydra
    41 | D        | Killed a meat berserker
    41 | D        | Killed a meat berserker
    42 | D        | Reached XP level 23. HP: 201/201 MP: 0/0
    42 | D        | Learned a level 8 spell: Necromutation
    43 | D        | Noticed a destroyer
    43 | D        | Killed a large bag of meat
    44 | D        | Reached skill level 15 in Short Blades
    44 | D        | Reached skill level 15 in Long Blades
    45 | D        | Reached skill level 15 in Staves
    45 | D        | Reached XP level 24. HP: 173/208 MP: 0/0
    47 | D        | Demolished by a sculptor of flesh

Illustrated notes

Levels and vault maps discovered:
D:        meatsprint

Skill      XL: |  1  2  3  4  5  6  7  8  9 10 11 12 13 14 15 16 17 18 19 20 21 22 23 24 |
---------------+-------------------------------------------------------------------------+-----
Axes           | 18 24 26 27 | 27.0
Dodging        | 11 14 17 18 20 21 26 27 | 27.0
Stealth        | 8 11 13 14 16 18 26 27 | 27.0
Fighting       | 4 7 8 19 26 27 | 27.0
Spellcasting   | 19 24 27 | 27.0
Short Blades   | 7 11 14 16 | 16.7
Long Blades    | 7 11 14 16 | 16.7
Maces & Flails | 6 9 12 14 | 14.5
Polearms       | 6 9 12 14 | 14.5
Staves         | 6 10 13 15 | 15.7
Slings         | 6 9 12 14 | 14.5
Bows           | 6 9 12 14 | 14.5
Crossbows      | 6 9 12 14 | 14.5
Throwing       | 6 9 12 14 | 14.5
Armour         | 7 11 14 16 17 | 17.1
Shields        | 7 11 14 16 17 | 17.1
Unarmed Combat | 7 11 14 16 17 | 17.1
Invocations    | 7 11 14 16 17 | 17.1
Evocations     | 7 11 14 16 17 | 17.1

Action                   |  1- 3 |  4- 6 |  7- 9 | 10-12 | 13-15 | 16-18 | 19-21 | 22-24 || total
-------------------------+-------+-------+-------+-------+-------+-------+-------+-------++-------
Melee: Executioner's axe |     1 |       |       |     1 |     5 |     4 |     7 |     7 ||    25
 Stab: Distracted        |       |       |       |       |     1 |       |       |       ||     1
Dodge: Dodged            |       |       |       |       |       |     3 |     3 |     1 ||     7

Table legend: (Time is in decaauts)
 A = Elapsed time spent in this place.
 B = Non-inter-level travel time spent in this place.
 C = Inter-level travel time spent in this place.
 D = Time resting spent in this place.
 E = Time spent auto-exploring this place.
 F = Levels seen in this place.
 G = Mean time per level.
                   A        B        C        D        E       F      G
               +--------+--------+--------+--------+--------+-----+--------+
         Total |     40 |     40 |      0 |      0 |      0 |   1 |   40.0 |
       Dungeon |     40 |     40 |      0 |      0 |      0 |   1 |   40.0 |
               +--------+--------+--------+--------+--------+-----+--------+

Top non-repeatable levels by time:
       D: 40 daAuts
